 Dungeon Crawl Stone Soup version 0.24-a0-584-g9d6b971ae4 (webtiles) character file.

Game seed: 5691918632836298622, levelgen mode: deterministic

182 Gynju the Shield-Bearer (level 5, 0/41 HPs)
             Began as a Vampire Fighter on Sept 6, 2019.
             Slain by an orc
             ... wielding a +3 whip
              (4 damage)
             ... on level 3 of the Dungeon.
             The game lasted 00:02:06 (1646 turns).

Gynju the Shield-Bearer (Vampire Fighter)           Turns: 1646, Time: 00:02:06

Health: 0/41       AC: 10    Str: 15    XL:     5   Next: 34%
Magic:  5/5        EV:  4    Int: 11    God:
Gold:   85         SH:  9    Dex: 14    Spells: 4/4 levels left

rFire    . . .     SeeInvis +   a - +0 long sword
rCold    . . .     Gourm    .   c - +0 shield
rNeg     . . .     Faith    .   g - +0 chain mail
rPois    .         Spirit   .   n - +0 helmet
rElec    .         Reflect  .   (no cloak)
rCorr    .         Harm     .   (no gloves)
MR       .....                  (no boots)
Stlth    ..........             (no amulet)
HPRegen  0.33/turn              (no ring)
MPRegen  0.09/turn              (no ring)

@: regenerating quickly
A: no food, fangs 3, see invisible, unbreathing
a: Exsanguinate


You were on level 3 of the Dungeon.
You were alive.

You visited 1 branch of the dungeon, and saw 3 of its levels.

You collected 85 gold pieces.

Inventory:

Hand Weapons
 a - a +0 long sword (weapon)
Armour
 c - a +0 shield (worn)
 g - a +0 chain mail (worn)
 n - a +0 helmet (worn)
Wands
 l - a wand of random effects (19)
Scrolls
 e - 2 scrolls of remove curse {unknown}
 h - a scroll of immolation {unknown}
 j - 2 scrolls of enchant weapon {unknown}
 m - a scroll of amnesia {unknown}
 o - a scroll of magic mapping {unknown}
 p - 2 scrolls of blinking {unknown}
 q - 2 scrolls of teleportation {unknown}
 r - a scroll of enchant armour {unknown}
Potions
 b - a potion of cancellation {unknown}
 d - 2 potions of might
 f - 2 potions of curing {unknown}
 i - 2 potions of heal wounds {unknown}
 k - 2 potions of degeneration {unknown}
 s - a potion of lignification {unknown}


   Skills:
 + Level 3.6 Fighting
 + Level 3.3 Long Blades
 + Level 3.2 Armour
 + Level 3.6 Shields


You had 4 spell levels left.
You didn't know any spells.
Your spell library was empty.

Dungeon Overview and Level Annotations

Branches:
Dungeon (3/15)

Altars:
Hepliaklqana


Innate Abilities, Weirdness & Mutations

You do not eat.
Your natural rate of healing is unusually fast.
You have razor-sharp teeth.
You have supernaturally acute eyesight. (SInv)
You can survive without breathing.


Message History

The weapon returns to the orc!
The orc hits you with a +3 whip.
* * * LOW HITPOINT WARNING * * *
Things that are here:
a +0 whip; 3 boomerangs; a +0 chain mail You closely miss the orc.
The orc completely misses you.
Your chain mail prevents you from hitting the orc.
The orc hits you but does no damage. The orc hits you with a +3 whip.
* * * LOW HITPOINT WARNING * * *
You hit the orc.
The orc is severely wounded.
The orc hits you with a +3 whip.
* * * LOW HITPOINT WARNING * * *
Your shield prevents you from hitting the orc.
The orc is severely wounded.
You block the orc's attack.
You hit the orc.
The orc is almost dead.
The orc hits you but does no damage. The orc hits you with a +3 whip.
You die...

...##########
.............
.......#
#####.....####
#.#.#..# #
#.........
.......#
#####.....###
#.....###
.>.....#..#
.......).
######..###
#........ #
#.## #o...#
######.## #@#
........# #)#
#######.# #.#
#.# #.# #.#
#.# #.# #.#
#.# #.# #.#
#.# #.# #.#


You could see an orc.

Vanquished Creatures
  A hound (D:2)
  2 orc wizards (D:3)
  An adder (D:3)
  2 oozes
  3 worms (D:2)
  2 dart slugs (D:1)
  A leopard gecko (D:1)
  3 orcs (D:3)
  A ball python (D:1)
  6 giant cockroaches
  4 goblins
  5 hobgoblins
  11 jackals
  5 bats
  4 frilled lizards
  7 kobolds
  5 rats
63 creatures vanquished.

Notes
Turn   | Place    | Note
-------+----------+-------------------------------------------
     0 | D:1      | Gynju the Vampire Fighter began the quest for the Orb.
     0 | D:1      | Reached XP level 1. HP: 17/17 MP: 1/1
   102 | D:1      | Reached XP level 2. HP: 23/23 MP: 2/2
   276 | D:1      | Reached XP level 3. HP: 23/29 MP: 3/3
  1049 | D:2      | Found a hazy altar of Hepliaklqana.
  1107 | D:2      | Reached XP level 4. HP: 31/35 MP: 4/4
  1598 | D:3      | Reached XP level 5. HP: 13/41 MP: 5/5
  1646 | D:3      | Slain by an orc

Levels and vault maps discovered:
D:1:      minmay_arrival_hallway, layout_basic, corexii_hall_statues_i
D:2:      layout_basic, nicolae_overflow_crystal_walls, first_ration,
          minmay_unequal
D:3:      layout_loops_ring

Skill      XL: |  1  2  3  4 |
---------------+-------------+-----
Fighting       | 3 |  3.6
Shields        | 3 |  3.6
Armour         | 3 |  3.2
Long Blades    | 3 |  3.3

Action                   |  1- 3 |  4- 6 || total
-------------------------+-------+-------++-------
Melee: Long sword        |   152 |   118 ||   270
       Bite              |    12 |     7 ||    19
Armor: Chain mail        |   104 |    76 ||   180
       Scale mail        |     2 |       ||     2
Dodge: Dodged            |    33 |    21 ||    54
Block: Shield            |    94 |    41 ||   135
       Rpst.: Long sword |     9 |     4 ||    13

Table legend:
 A = Non-vault XP
 B = Vault XP
 C = Vault XP percentage of total XP
 D = Non-vault monster count
 E = Vault monster count
 F = Vault count percentage of total count
                 A         B        C        D         E       F
            +---------+---------+-------+---------+---------+-------
      Total |     215 |      45 |  17.3 |      58 |       5 |   7.9
            +---------+---------+-------+---------+---------+-------
        D:1 |      50 |       0 |   0.0 |      24 |       0 |   0.0
        D:2 |      49 |      45 |  47.9 |      22 |       5 |  18.5
        D:3 |     116 |       0 |   0.0 |      12 |       0 |   0.0
            +---------+---------+-------+---------+---------+-------
